 Dungeon Crawl Stone Soup version 0.26-a0-1080-g4c0aae810e (webtiles) character file.

Game seed: 9463080739074583763

2676 nuthulu the Fighter (level 9, -5/63 HPs)
             Began as a Gargoyle Fighter on Dec 14, 2020.
             Slain by a death yak (8 damage)
             ... on level 7 of the Dungeon.
             The game lasted 00:11:07 (8190 turns).

nuthulu the Fighter (Gargoyle Fighter)              Turns: 8190, Time: 00:11:08

Health: -5/63      AC: 21    Str: 29    XL:     9   Next: 64%
Magic:  9/9        EV:  7    Int:  9    God:
Gold:   338        SH: 12    Dex:  9    Spells: 8/8 levels left

rFire    . . .     SeeInvis .   t - +2 flail (protect)
rCold    . . .     Faith    .   c - +2 kite shield
rNeg     + . .     Spirit   .   b - +0 scale mail
rPois    ∞         Reflect  .   (no helmet)
rElec    +         Harm     .   f - +0 cloak
rCorr    .         Rampage  .   (no gloves)
Will     .....                  (no boots)
Stlth    ..........             (no amulet)
HPRegen  0.20/turn              n - +6 ring of strength
MPRegen  0.11/turn              (no ring)

@: mighty, protection aura
A: negative energy resistance 1, electricity resistance, unbreathing,
petrification resistance, miasma immunity, AC +6
a: no special abilities


You were on level 7 of the Dungeon.
You visited 2 branches of the dungeon, and saw 9 of its levels.

You collected 533 gold pieces.
You spent 195 gold pieces at shops.

Inventory:

Hand Weapons
 t - a +2 flail of protection (weapon)
Missiles
 h - a throwing net (quivered)
Armour
 b - a +0 scale mail (worn)
 c - a +2 kite shield (worn)
 f - a +0 cloak (worn)
Jewellery
 n - a +6 ring of strength (left hand)
Wands
 e - a wand of digging (2)
 r - a wand of flame (31)
Scrolls
 i - 2 scrolls of immolation
 j - 6 scrolls of remove curse
 p - 2 scrolls of identify
 q - 2 scrolls of teleportation
 u - a scroll of blinking
Potions
 d - a potion of brilliance
 g - a potion of resistance
 k - a potion of haste
 l - a potion of heal wounds
 m - a potion of lignification
 o - a potion of magic


   Skills:
 + Level 10.4 Fighting
 + Level 9.3 Maces & Flails
 - Level 3.2 Armour
 - Level 3.2 Shields


You had 8 spell levels left.
You didn't know any spells.
Your spell library contained the following spells:

 Spells                   Type           Power        Failure   Level
 Animate Skeleton         Necr           #.....       98%         1
 Apportation              Tloc           #.....       98%         1
 Corona                   Hex            #......      98%         1
 Foxfire                  Conj/Fire      #...         98%         1
 Magic Dart               Conj           #...         98%         1
 Shock                    Conj/Air       #...         98%         1
 Summon Small Mammal      Summ           #...         98%         1
 Blink                    Tloc           N/A          99%         2
 Call Imp                 Summ           #.......     99%         2
 Slow                     Hex            #.......     99%         2
 Swiftness                Air            #.......     99%         2
 Call Canine Familiar     Summ           #.......     100%        3
 Conjure Flame            Conj/Fire      #.......     100%        3
 Inner Flame              Hex/Fire       #.......     100%        3
 Mephitic Cloud           Conj/Pois/Air  #.......     100%        3
 Static Discharge         Conj/Air       #.......     100%        3
 Summon Guardian Golem    Hex/Summ       #.......     100%        3
 Airstrike                Air            #.........   100%        4
 Sticky Flame             Conj/Fire      #.......     100%        4
 Summon Ice Beast         Ice/Summ       #.......     100%        4
 Summon Lightning Spire   Summ/Air       #.......     100%        4
 Fireball                 Conj/Fire      #.........   100%        5
 Lightning Bolt           Conj/Air       #.........   100%        5


Dungeon Overview and Level Annotations

Branches:
Dungeon (8/15)             Temple (1/1) D:5
   Lair: D:8-11

Altars:
Cheibriados
Dithmenos
Elyvilon
Fedhas
Gozag
Hepliaklqana
Kikubaaqudgha
Nemelex Xobeh
Ru
Trog
Uskayaw
Vehumet
Wu Jian
Xom
Yredelemnul
Zin
The Shining One
Jiyva

Shops:
D:6 *


Innate Abilities, Weirdness & Mutations

You are resistant to torment.
Your stone body is resilient. (AC +6)
You are immune to poison.
You resist negative energy. (rN+)
You are resistant to electric shocks. (rElec)
You can survive without breathing.
You are immune to petrification.
You are immune to miasma.


Message History

The death yak is moderately wounded.
The death yak gores you but does no damage.
Your shield prevents you from hitting the death yak.
The death yak is moderately wounded.
The death yak gores you!
* * * LOW HITPOINT WARNING * * *
You hit the death yak.
The death yak is heavily wounded.
The death yak gores you.
* * * LOW HITPOINT WARNING * * *
You sock the death yak!
The death yak is severely wounded.
You block the death yak's attack.
You sock the death yak!
The death yak is severely wounded.
The death yak closely misses you.
You hit the death yak.
The death yak is severely wounded.
The death yak gores you!
You die...

.......(................#........
..................#.#.......<...#
...).###................#......##
.....##....(...##......##....###
......##....(..........##......#
.....##......#(##.#..........###
......##.......##...........##
.....##......##.Y####.......#
#....#.).....##.@###........#
#..............##...........#
#)[..#.##....#.##.#......>###
#..#...###................#
#.##..####...............##
...##.# #...............##
....#.###...(............# #####
.......##................####....
.......#..................##..###


You could see a death yak.

Vanquished Creatures
  A death yak (D:7)
  The ghost of Dracia the Chiller, an amateur MfIE (D:4)
  A water moccasin (D:6)
  An ice beast (D:5)
  A phantom (D:7)
  3 ogres
  3 centaurs
  A big kobold (D:8)
  2 bullfrogs (D:7)
  2 scorpions
  A killer bee (D:7)
  3 wights (D:7)
  A howler monkey (D:6)
  A quasit (D:8)
  Crazy Yiuf (D:5)
  5 orc wizards
  3 worker ants
  Terence (D:2)
  7 gnolls
  8 adders
  A white imp (D:6)
  An ufetubus (D:4)
  An ooze (D:4)
  An adder zombie (D:3)
  An adder skeleton (D:6)
  2 worms
  2 dart slugs
  4 leopard geckos
  20 orcs
  A ball python (D:2)
  8 bats
  6 giant cockroaches
  7 hobgoblins
  16 jackals
  4 quokkas
  6 frilled lizards
  7 goblins
  31 kobolds
  6 rats
172 creatures vanquished.

Vanquished Creatures (others)
  3 fungi (D:5)
  13 plants (D:8)
16 creatures vanquished.

Grand Total: 188 creatures vanquished

Notes
Turn   | Place    | Note
-------+----------+-------------------------------------------
     0 | D:1      | nuthulu the Gargoyle Fighter began the quest for the Orb.
     0 | D:1      | Reached XP level 1. HP: 14/14 MP: 1/1
   115 | D:1      | Reached XP level 2. HP: 16/19 MP: 2/2
   353 | D:1      | HP: 1/20 [bat (1)]
   354 | D:1      | Reached XP level 3. HP: 1/24 MP: 3/3
   359 | D:1      | HP: 1/24 [bat (1)]
   360 | D:1      | Reached skill level 4 in Fighting
  1339 | D:2      | Reached XP level 4. HP: 25/30 MP: 4/4
  1523 | D:2      | Noticed Terence
  1546 | D:2      | Killed Terence
  1739 | D:2      | Found a snail-covered altar of Cheibriados.
  2430 | D:3      | Reached XP level 5. HP: 34/34 MP: 5/5
  2484 | D:3      | Reached skill level 5 in Fighting
  2689 | D:3      | Found a radiant altar of Vehumet.
  2689 | D:3      | Found a blossoming altar of Fedhas.
  2853 | D:3      | Found an ornate altar of the Wu Jian Council.
  3491 | D:4      | Reached XP level 6. HP: 38/40 MP: 6/6
  3590 | D:4      | You fall into a shaft and drop 3 floors!
  3603 | D:7      | Reached skill level 6 in Fighting
  3603 | D:7      | Reached skill level 5 in Maces & Flails
  3916 | D:7      | Found a hide-covered altar of Uskayaw.
  3968 | D:7      | Reached XP level 7. HP: 10/47 MP: 7/7
  4306 | D:7      | Found a bloodstained altar of Trog.
  4306 | D:7      | Found a basalt altar of Yredelemnul.
  4396 | D:5      | Entered Level 5 of the Dungeon
  4494 | D:5      | Reached skill level 7 in Fighting
  4705 | D:5      | Found a glowing silver altar of Zin.
  4803 | D:5      | Reached XP level 8. HP: 42/53 MP: 8/8
  4887 | D:5      | Found a white marble altar of Elyvilon.
  4965 | D:5      | Found a staircase to the Ecumenical Temple.
  5284 | D:5      | Found a runed translucent door.
  5285 | D:5      | Noticed Crazy Yiuf
  5291 | D:5      | Killed Crazy Yiuf
  5622 | D:4      | Reached skill level 8 in Fighting
  5809 | D:4      | Found a transporter.
  5809 | D:4      | Noticed Dracia's ghost (amateur MfIE)
  5810 | D:4      | Identified the +6 great mace "Byhixus" {vamp, rPois Str+2}
  5812 | D:4      | Found a transporter.
  5835 | D:4      | Killed Dracia's ghost
  6139 | Temple   | Entered the Ecumenical Temple
  6447 | D:6      | Found Irokiq's Assorted Antiques.
  6461 | D:6      | Reached skill level 9 in Fighting
  6603 | D:6      | Bought a scroll of enchant weapon for 195 gold pieces
  6739 | D:6      | Reached XP level 9. HP: 60/60 MP: 9/9
  6808 | D:6      | Found a shadowy altar of Dithmenos.
  6811 | D:6      | Found a glowing golden altar of the Shining One.
  6814 | D:6      | Found an opulent altar of Gozag.
  6983 | D:6      | Found an ancient bone altar of Kikubaaqudgha.
  7220 | D:7      | Found a bloodstained altar of Trog.
  7864 | D:8      | Noticed a death yak
  7864 | D:8      | Noticed a death yak
  7910 | D:7      | Killed a death yak
  7911 | D:7      | Reached skill level 10 in Fighting
  8187 | D:7      | HP: 2/63 [death yak (4)]
  8190 | D:7      | Slain by a death yak

Illustrated notes

Levels and vault maps discovered:
D:1:      giann_horns, layout_basic
D:2:      layout_basic, kennysheep_slug_shrine, uniq_terence
D:3:      layout_rooms, lemuel_coloured_pillars_altar,
          gammafunk_temple_overflow_pools
D:4:      layout_basic, gammafunk_ghost_smash
D:5:      layout_cave_pools, elyvilon_altar_5, old_standard_altar,
          minmay_temple_entry_offerings, uniq_crazy_yiuf_cottage
D:6:      layout_basic, kiku_gazebo_pond_becter, grunt_temple_overflow_diamond,
          serial_shops, nicolae_shop_trees
D:7:      layout_cave_pools, lemuel_crystal_altar,
          gammafunk_temple_overflow_wave, fountainhead, st_stairs_7, bloody_trog
D:8:      kennysheep_kobold_camp, layout_layer_cave, dpeg_lair_monsters
Temple:   pf_slime_end_temple

Skill      XL: |  1  2  3  4  5  6  7  8  9 |
---------------+----------------------------+-----
Fighting       | 4 5 6 7 9 10 | 10.4
Maces & Flails | 3 4 5 6 8 9 |  9.3
Armour         | |  3.2
Shields        | |  3.2

Action                   |  1- 3 |  4- 6 |  7- 9 || total
-------------------------+-------+-------+-------++-------
Melee: Flail             |   177 |   259 |   280 ||   716
  Use: Scroll            |     4 |     4 |    11 ||    19
       Potion            |       |     2 |     4 ||     6
 Stab: Invisible         |       |       |     3 ||     3
Armor: Scale mail        |   222 |   157 |   121 ||   500
Dodge: Dodged            |   105 |   102 |    69 ||   276
Block: Kite shield       |   171 |   161 |   194 ||   526

Table legend: (Time is in decaauts)
 A = Elapsed time spent in this place.
 B = Non-inter-level travel time spent in this place.
 C = Inter-level travel time spent in this place.
 D = Time resting spent in this place.
 E = Time spent auto-exploring this place.
 F = Levels seen in this place.
 G = Mean time per level.
                   A        B        C        D        E       F      G
               +--------+--------+--------+--------+--------+-----+--------+
         Total |   8373 |   8096 |    277 |   3032 |   3162 |   9 |  930.3 |
       Dungeon |   8258 |   7995 |    263 |   3032 |   3060 |   8 | 1032.2 |
        Temple |    115 |    102 |     13 |      0 |    102 |   1 |  115.0 |
               +--------+--------+--------+--------+--------+-----+--------+

Top non-repeatable levels by time:
     D:7: 1561 daAuts
     D:2: 1261 daAuts
     D:1: 1188 daAuts
     D:3: 1057 daAuts
     D:5: 1042 daAuts
     D:6: 981 daAuts
     D:4: 947 daAuts
     D:8: 218 daAuts
  Temple: 115 daAuts
